 Dungeon Crawl Stone Soup version 0.21-a0-274-gc1afaeb (webtiles) character file.

653 Spazmo the Conjurer (level 7, -1/36 HPs)
             Began as a Deep Elf Wizard on Sept 19, 2017.
             Slain by a worker ant (7 damage)
             ... on level 4 of the Dungeon.
             The game lasted 00:12:39 (3158 turns).

Spazmo the Conjurer (Deep Elf Wizard)               Turns: 3158, Time: 00:12:39

Health: -1/36      AC:  4    Str:  6    XL:     7   Next: 29%
Magic:  3/16       EV: 13    Int: 25    God:
Gold:   162        SH:  5    Dex: 13    Spells: 6/15 levels left

rFire    . . .     SeeInvis .   q - +1 short sword
rCold    . . .     Gourm    .   e - +0 buckler
rNeg     . . .     Faith    .   a - +0 robe
rPois    .         Spirit   .   b - +1 hat
rElec    .         Reflect  .   p - +0 cloak
rCorr    .         Harm     .   (no gloves)
MR       .....     Rnd*Rage +   (no boots)
Stlth    ++........             (no amulet)
HPRegen  0.12/turn              (no ring)
MPRegen  0.15/turn              (no ring)

@: no status effects
A: talons 1, berserk 1, strong 1, sturdy frame 1
a: no special abilities


You were on level 4 of the Dungeon.
You were not hungry.

You visited 1 branch of the dungeon, and saw 4 of its levels.

You collected 162 gold pieces.

Inventory:

Hand Weapons
 q - a +1 short sword (weapon)
Missiles
 j - 29 stones (quivered)
Armour
 a - a +0 robe (worn)
 b - a +1 hat (worn)
 e - a +0 buckler (worn)
 p - a +0 cloak (worn)
Wands
 g - a wand of digging (7/24)
 s - a wand of confusion (13/48)
Scrolls
 i - a scroll of magic mapping {unknown}
 o - 2 scrolls of enchant armour
Books
 c - a book of Minor Magic

   Spells                             Type                      Level
   a - Magic Dart                     Conjuration                  1
   b - Blink                          Translocation                2
   c - Call Imp                       Summoning                    2
   d - Slow                           Hexes                        2
   e - Conjure Flame                  Conjuration/Fire             3
   f - Mephitic Cloud                 Conjuration/Poison/Air       3
Comestibles
 d - 3 bread rations
 k - 2 royal jellies
 r - a meat ration


   Skills:
 - Level 2.4 Dodging
 - Level 2.4 Stealth
 + Level 4.0 Shields
 + Level 4.9 Spellcasting
 + Level 6.4 Conjurations
   Level 1.1 Summonings
 - Level 1.1 Translocations


You had 6 spell levels left.
You knew the following spells:

 Your Spells              Type           Power        Failure   Level  Hunger
a - Magic Dart            Conj           ####         1%          1    None
b - Blink                 Tloc           N/A          8%          2    None
c - Conjure Flame         Conj/Fire      ###.....     7%          3    ##.....
d - Mephitic Cloud        Conj/Pois/Air  ###.....     11%         3    ##.....


Dungeon Overview and Level Annotations

Branches:
Dungeon (4/15)
 Temple: D:4-7

Altars:


Innate Abilities, Weirdness & Mutations

You have sharp toenails.
You tend to lose your temper in combat.
Your muscles are strong. (Str +2)
Your movements are slightly less encumbered by armour. (ER -2)


Message History

The worker ant is lightly wounded.
The worker ant bites you but does no damage.
You hit the worker ant.
The worker ant is lightly wounded.
The worker ant bites you but does no damage. x2
You closely miss the worker ant.
The worker ant is lightly wounded.
The worker ant bites you but does no damage.
You hit the worker ant.
The worker ant is moderately wounded.
The worker ant bites you but does no damage.
You hit the worker ant.
The worker ant is moderately wounded.
The worker ant bites you but does no damage.
You hit the worker ant.
The worker ant is heavily wounded.
You feel less wooden.
Your +0 cloak unmelds from your body.
Your +1 hat unmelds from your body.
Your +0 robe unmelds from your body.
The worker ant bites you!
You die...

#..$.o......#
#.# ..
####o{###..###.#
#.# ## ##.#
#..... #.#
#####.###..####
#.#
#....$........#
#.#
#.###.....#.#.#
#.# #.#..###.)#
#.#.#.#.#a#
#.#.##.##@#
#.#(##.##.#
....## ##.#
..### #.# #.#
.## ).# .... ###
.###


You could see a worker ant.

Vanquished Creatures
  Sigmund (D:3)
  A phantom (D:4)
  A bullfrog (D:2)
  2 orc priests
  Crazy Yiuf (D:2)
  3 orc wizards
  Ijyb (D:4)
  A hound skeleton (D:4)
  5 adders
  An ooze (D:2)
  6 dart slugs
  3 leopard geckos
  7 orcs
  5 bats
  A giant cockroach (D:4)
  5 goblins (D:2)
  8 hobgoblins
  2 jackals (D:2)
  13 kobolds
  4 quokkas
  6 frilled lizards
  A quokka skeleton (D:4)
  6 rats
84 creatures vanquished.

Notes
Turn   | Place    | Note
-------+----------+-------------------------------------------
     0 | D:1      | Spazmo the Deep Elf Wizard began the quest for the Orb.
     0 | D:1      | Reached XP level 1. HP: 10/10 MP: 7/7
   189 | D:1      | Reached skill level 2 in Conjurations
   213 | D:1      | Reached XP level 2. HP: 9/15 MP: 3/9
   217 | D:1      | Learned a level 2 spell: Blink
   462 | D:1      | Reached skill level 3 in Conjurations
   840 | D:2      | Reached XP level 3. HP: 19/19 MP: 7/10
   845 | D:2      | Learned a level 3 spell: Conjure Flame
   852 | D:2      | Learned a level 3 spell: Mephitic Cloud
  1163 | D:2      | Reached skill level 1 in Shields
  1251 | D:2      | Reached XP level 4. HP: 19/24 MP: 6/12
  1342 | D:2      | Reached skill level 4 in Conjurations
  1428 | D:2      | Noticed a bullfrog
  1434 | D:2      | Killed a bullfrog
  1434 | D:2      | Reached XP level 5. HP: 28/28 MP: 4/13
  1601 | D:2      | Found a runed door.
  1605 | D:2      | Noticed Crazy Yiuf
  1613 | D:2      | Killed Crazy Yiuf
  1962 | D:3      | Reached skill level 5 in Conjurations
  2238 | D:3      | Reached XP level 6. HP: 32/32 MP: 11/14
  2313 | D:3      | Noticed Sigmund
  2347 | D:3      | Killed Sigmund
  2603 | D:4      | Noticed Ijyb
  2772 | D:4      | Reached skill level 6 in Conjurations
  2772 | D:4      | Reached XP level 7. HP: 28/36 MP: 0/15
  2894 | D:4      | Killed Ijyb
  3113 | D:4      | Gained mutation: You have sharp toenails. [potion of mutation]
  3113 | D:4      | Gained mutation: You tend to lose your temper in combat. [potion of mutation]
  3113 | D:4      | Gained mutation: Your muscles are strong. (Str +2) [potion of mutation]
  3113 | D:4      | Gained mutation: Your movements are slightly less encumbered by armour. (ER -2) [potion of mutation]
  3158 | D:4      | Slain by a worker ant

Vault maps used:
D:1:      dpeg_arrival_fog, serial_bayou_pond_e
D:2:      uniq_crazy_yiuf_cottage
D:3:      uniq_sigmund
D:4:      led_sif_pool, uniq_ijyb, uniq_grinder

Skill      XL: |  1  2  3  4  5  6  7 |
---------------+----------------------+-----
Conjurations   | 2 3 4 5 6 |  6.4
Shields        | 1 2 3 4 |  4.0
Dodging        | |  2.4
Stealth        | |  2.4
Spellcasting   | |  4.9
Summonings     | |  1.1
Translocations | |  1.1

Action                   |  1- 3 |  4- 6 |  7- 9 || total
-------------------------+-------+-------+-------++-------
Melee: Unarmed           |     4 |       |       ||     4
       Short sword       |       |    11 |    40 ||    51
 Cast: Magic Dart        |    82 |   118 |    30 ||   230
       Conjure Flame     |       |     2 |       ||     2
       Mephitic Cloud    |       |     2 |     3 ||     5
Evoke: Wand              |       |     2 |       ||     2
  Use: Scroll            |     4 |     3 |       ||     7
       Potion            |       |     1 |     5 ||     6
  Eat: Chunk             |     1 |     5 |     1 ||     7
Armor: Robe              |     2 |     6 |     1 ||     9
       Skin              |       |       |    27 ||    27
Dodge: Dodged            |     6 |    14 |     4 ||    24
Block: Buckler           |       |     3 |     6 ||     9

Table legend:
 A = Spawn XP
 B = Non-spawn XP
 C = Spawn XP percentage of total XP
 D = Spawn monster count
 E = Non-spawn monster count
 F = Spawn count percentage of total count
 G = Total turns spent on level
                    A         B        C        D         E        F      G
               +---------+---------+-------+---------+---------+-------+---------
         Total |       0 |     934 |   0.0 |       0 |      84 |   0.0 |  3158
               +---------+---------+-------+---------+---------+-------+---------
           D:1 |       0 |      38 |   0.0 |       0 |      20 |   0.0 |   812
           D:2 |       0 |     214 |   0.0 |       0 |      28 |   0.0 |   969
           D:3 |       0 |     357 |   0.0 |       0 |      22 |   0.0 |   897
           D:4 |       0 |     325 |   0.0 |       0 |      14 |   0.0 |   480
               +---------+---------+-------+---------+---------+-------+---------
